 Dungeon Crawl Stone Soup version 0.30-a0-748-ge6a52f7cba (webtiles) character file.

Game seed: 7024771556421954283

154 jimonade the Sneak (level 5, -5/35 HPs)
             Began as an Octopode Brigand on Feb 8, 2023.
             Slain by an orc priest
             ... wielding a +0 mace
              (7 damage)
             ... on level 3 of the Dungeon.
             The game lasted 00:03:30 (1677 turns).

jimonade the Sneak (Octopode Brigand)               Turns: 1677, Time: 00:03:31

Health: -5/35      AC:  1    Str: 10    XL:     5   Next: 36%
Magic:  5/5        EV: 12    Int: 13    God:
Gold:   108        SH:  3    Dex: 16    Spells: 4/4 levels left

rFire   . . .      SeeInvis +    a - +2 dagger
rCold   . . .      Faith    .    s - +0 buckler
rNeg    . . .      Spirit   .    (helmet restricted)
rPois   +          Reflect  .    o - amulet of magic regeneration
rElec   .          Harm     .    n - ring of poison resistance
rCorr   .          Rampage  .    p - ring of see invisible
Will    .....                    (no ring)
Stlth   +++++                    (no ring)
HPRegen 0.25/turn                (no ring)
MPRegen 0.49/turn                (no ring)
                                 (no ring)
                                 (no ring)

@: no status effects
A: almost no armour, amphibious, 8 rings, camouflage 1, gelatinous body 1,
(nimble swimmer 1), tentacles
a: no special abilities


You were on level 3 of the Dungeon.
You visited 1 branch of the dungeon, and saw 3 of its levels.

You collected 108 gold pieces.

Inventory:

Hand Weapons
 a - a +2 dagger (weapon)
Missiles
 b - 11 poisoned darts (quivered)
 c - 3 curare-tipped darts
Armour
 s - a +0 buckler (worn)
Jewellery
 n - a ring of poison resistance (left tentacle)
 o - an amulet of magic regeneration (around mantle)
 p - a ring of see invisible (right tentacle)
Scrolls
 e - 3 scrolls of identify {unknown}
 h - a scroll of fog {unknown}
 i - a scroll of amnesia {unknown}
 j - a scroll of teleportation {unknown}
 k - a scroll of noise {unknown}
 l - 2 scrolls of blinking {unknown}
 m - a scroll of enchant weapon {unknown}
Potions
 d - 2 potions of degeneration {unknown}
 f - 2 potions of attraction {unknown}
 g - a potion of berserk rage {unknown}
 q - 2 potions of curing {unknown}
 r - a potion of mutation {unknown}


   Skills:
 + Level 2.3 Fighting
 * Level 3.4 Short Blades
 + Level 2.2 Throwing
 + Level 1.5 Dodging
 + Level 7.3 Stealth


You had 4 spell levels left.
You didn't know any spells.
Your spell library contained the following spells:

 Spells                   Type           Power      Damage    Failure   Level
 Lesser Beckoning         Tloc           0%         N/A       54%         2
 Call Canine Familiar     Summ           0%         N/A       77%         3
 Gell's Gravitas          Tloc           0%         N/A       77%         3
 Portal Projectile        Hex/Tloc       0%         N/A       77%         3
 Teleport Other           Tloc           0%         N/A       77%         3
 Leda's Liquefaction      Hex/Erth       0%         N/A       99%         4


Dungeon Overview and Level Annotations

Branches:
Dungeon (3/15)

Altars:

Shops:
D:1 !


Innate Abilities, Weirdness & Mutations

You cannot wear most types of armour.
You are amphibious.
You can wear up to eight rings at the same time.
Your skin changes colour to match your surroundings (Stealth+).
Your rubbery body absorbs attacks. (AC +1, EV +1)
((You are camouflaged when in or above water. (Stealth+)))
You have tentacles for arms and can constrict up to eight enemies at once.


Message History

The frilled lizard dies!
You release your grip on the orc wizard.
The orc attacks as you move away! The orc hits you with a +0 club.
The orc attacks as you move away! The orc hits you with a +0 mace.
The orc priest calls down the wrath of Beogh upon you.
Beogh smites you!
* * * LOW HITPOINT WARNING * * *
The orc attacks as you move away! The orc misses you.
You hit the orc. You grab the orc.
The orc is lightly wounded.
You constrict the orc. The orc closely misses you.
You hit the orc.
The orc is severely wounded.
You constrict the orc. The orc closely misses you.
You hit the orc.
You kill the orc!
You barely miss the giant cockroach. Your grab misses the giant cockroach.
The giant cockroach barely misses you.
You hit the giant cockroach. You grab the giant cockroach.
The giant cockroach is almost dead.
You constrict the giant cockroach.
You kill the giant cockroach!
You hit the orc wizard.
You kill the orc wizard!
The orc priest hits you with a +0 mace.
* * * LOW HITPOINT WARNING * * *
Items here: )) [ ††.
You hit the orc priest. You grab the orc priest.
The orc priest is lightly wounded.
You constrict the orc priest.
The orc priest casts a cantrip, but nothing happens.
You barely miss the orc priest. You squeeze the orc priest.
The orc priest is heavily wounded.
You constrict the orc priest.
The orc priest invokes the aid of Beogh against you.
You barely resist.
You hit the orc priest but do no damage.
The orc priest is heavily wounded.
You constrict the orc priest. The orc priest hits you with a +0 mace!
You die...

#.#..# #)#.### #.....#≈ ##
### #.....#≈ .. ..# #
###.#.#≈ #.##.##.# ##.#.#≈
#>......# #....#≈
######.####### #.....≈
.......oo@....# #....~≈
......#..####.######....~≈
......#... #.##........~≈
..... ##.#. #...........~~
..... #.##.####........PP
.... ..# .# ####.....~~
.... ### # #......~
#....... #.......


You could see an orc priest and an orc.

Vanquished Creatures
  A scorpion (D:2)
  An orc wizard (D:3)
  3 adders (D:2)
  A worm (D:3)
  2 dart slugs
  2 orcs (D:3)
  5 bats
  3 endoplasms
  2 giant cockroaches
  2 goblins
  2 hobgoblins
  9 kobolds
  2 ball pythons (D:1)
  5 frilled lizards
  3 rats (D:1)
43 creatures vanquished.

Vanquished Creatures (others)
  A frilled lizard (D:3)
1 creature vanquished.

Grand Total: 44 creatures vanquished

Notes
Turn   | Place    | Note
-------+----------+-------------------------------------------
     0 | D:1      | jimonade the Octopode Brigand began the quest for the Orb.
     0 | D:1      | Reached XP level 1. HP: 14/14 MP: 1/1
   144 | D:1      | Reached XP level 2. HP: 18/19 MP: 2/2
   173 | D:1      | Found Cumunu's Distillery.
   807 | D:2      | Reached skill level 6 in Stealth
   807 | D:2      | Reached XP level 3. HP: 24/24 MP: 3/3
  1115 | D:2      | Reached XP level 4. HP: 29/29 MP: 4/4
  1152 | D:2      | Noticed a scorpion
  1168 | D:2      | Killed a scorpion
  1169 | D:2      | Reached skill level 7 in Stealth
  1169 | D:2      | Reached XP level 5. HP: 22/35 MP: 5/5
  1674 | D:3      | HP: 1/35 [orc priest/+0 mace (6)]
  1677 | D:3      | Slain by an orc priest

Illustrated notes

Levels and vault maps discovered:
D:1:      evilmike_arrival_hilbert_curve, layout_basic, serial_shops,
          nicolae_shop_hallway_plus, fountainhead, serial_park_tiny_pond
D:2:      layout_basic, grunt_ministairs_11
D:3:      layout_loops_cross, chequers_big_river

Skill      XL: |  1  2  3  4 |
---------------+-------------+-----
Stealth        | 6 7 |  7.3
Short Blades   | 3 |  3.4
Fighting       | |  2.3
Throwing       | |  2.2
Dodging        | |  1.5

Action                     |  1- 3 |  4- 6 || total
---------------------------+-------+-------++-------
  Melee: Dagger            |    43 |    37 ||    80
         Constrict         |    12 |    11 ||    23
         Tentacles         |     9 |    13 ||    22
         Punch             |     1 |       ||     1
   Stab: Sleeping          |    11 |     3 ||    14
 Armour: Skin              |     4 |     8 ||    12
  Dodge: Dodged            |    26 |    35 ||    61
  Block: Buckler           |       |     1 ||     1

Table legend: (Time is in decaauts)
 A = Elapsed time spent in this place.
 B = Non-inter-level travel time spent in this place.
 C = Inter-level travel time spent in this place.
 D = Time resting spent in this place.
 E = Time spent auto-exploring this place.
 F = Levels seen in this place.
 G = Mean time per level.
                   A        B        C        D        E       F      G
               +--------+--------+--------+--------+--------+-----+--------+
         Total |   1665 |   1603 |     62 |      0 |   1265 |   3 |  555.0 |
       Dungeon |   1665 |   1603 |     62 |      0 |   1265 |   3 |  555.0 |
               +--------+--------+--------+--------+--------+-----+--------+

Top non-repeatable levels by time:
     D:1: 789 daAuts
     D:2: 707 daAuts
     D:3: 168 daAuts
